 Dungeon Crawl Stone Soup version 0.31-a0-361-g0f8bd3a31e (webtiles) character file.

Game seed: 17135323612197951971

41 Ajdolov the Changeling (level 3, 0/16 HPs)
             Began as a Felid Shapeshifter on July 27, 2023.
             Slain by an ufetubus (2 damage)
             ... on level 4 of the Dungeon.
             The game lasted 00:05:52 (2986 turns).

Ajdolov the Changeling (Felid Shapeshifter)         Turns: 2986, Time: 00:05:52

Health: 0/16       AC:  1    Str: 13    XL:     3   Next: 32%
Magic:  4/4        EV: 17    Int:  9    God:
Gold:   158        SH:  0    Dex: 16    Spells: 2/2 levels left
                                        Lives:  0   Deaths: 1

rFire   + .          .
                       - Unarmed
rCold   . . .        (shield unavailable)
rNeg    . . .        (body armour unavailable)
rPois   .            (helmet unavailable)
rElec   .            (cloak unavailable)
rCorr   .            (gloves unavailable)
SInv    +            (boots unavailable)
Will    .....        (no amulet)
Stlth   ++           g - ring of protection from fire
HPRegen 0.22/turn    f - ring of flight
MPRegen 0.09/turn

%: no passive effects
@: beast-form, flying, quick
A: beast (slay +3), very small, claws 1, fangs 3, see invisible, speed 1, shaggy
fur 1, stealthy paws, no weapons or thrown items, no armour, multi-lived
a: Begin Untransformation


You were on level 4 of the Dungeon.
You were a hulking beast.
You visited 1 branch of the dungeon, and saw 4 of its levels.

You collected 158 gold pieces.

Inventory:

Jewellery
 f - a ring of flight (right paw)
 g - a ring of protection from fire (left paw)
Talismans
 b - a beast talisman
Scrolls
 a - a scroll of brand weapon {unknown}
 c - 4 scrolls of identify {unknown}
 d - a scroll of summoning {unknown}
 j - a scroll of torment {unknown}
 m - 5 scrolls of teleportation
 o - a scroll of fear {unknown}
 q - a scroll of fog {unknown}
 s - a scroll of poison {unknown}
Potions
 e - 2 potions of degeneration {unknown}
 h - a potion of cancellation {unknown}
 i - 2 potions of enlightenment {unknown}
 k - a potion of curing
 l - 2 potions of heal wounds {unknown}
 n - a potion of mutation {unknown}
 p - a potion of might {unknown}
 r - a potion of brilliance {unknown}


   Skills:
 - Level 2.0 Fighting
 - Level 2.6 Dodging
 * Level 2.3 Stealth
 - Level 3.0 Unarmed Combat
 * Level 4.4 Shapeshifting


You had 2 spell levels left.
You didn't know any spells.
Your spell library contained the following spells:

 Spells                   Type           Power      Damage    Failure   Level
 Ensorcelled Hibernation  Hex/Ice        0%         N/A       52%         2
 Passwall                 Tmut/Erth      0%         N/A       52%         2
 Stone Arrow              Conj/Erth      0%         3d7       77%         3
 Swiftness                Air            0%         N/A       77%         3
 Lehudib's Crystal Spear  Conj/Erth      0%         10d2      100%        8
 Animate Armour           Summ/Erth      Unusable   N/A       N/A         4

Dungeon Overview and Level Annotations

Branches:
Dungeon (4/15)
 Temple: D:4-7

Altars:

Shops:
D:1 **

Annotations:
D:3 Sigmund


Innate Abilities, Weirdness & Mutations

You are a hulking beast.
Your limbs bulge with bestial killing power. (Slay +3)
You have sharp claws.
You have razor-sharp teeth.
You have supernaturally acute eyesight. (SInv)
You cover ground quickly. (Speed+)
You are covered in fur. (AC +1)
Your paws help you pounce on unaware monsters.
You are incapable of wielding weapons or throwing items.
You cannot wear armour.
You gain extra lives every three experience levels.


Message History

Done exploring.
Done exploring.
There is a stone staircase leading down here.
You see here the felid corpse of Ajdolov.
Done exploring.
Done exploring.
There is a stone staircase leading down here.
You fly downwards.
Found a ring of flight and 12 gold pieces.
Found a stone staircase leading up.
There is a stone staircase leading up here.
A goblin comes into view. It is wielding a +0 dagger.
A goblin is nearby!
The goblin shouts!
You scratch the goblin.
The goblin is heavily wounded.
The goblin hits you with a +0 dagger.
You scratch the goblin.
You kill the goblin!
No target in view!
You now have 158 gold pieces (gained 12).
You see here a +0 dagger.
An iguana comes into view.
An ufetubus comes into view.
Found 13 gold pieces.
The ufetubus shouts!
An endoplasm comes into view.
The endoplasm moves out of view.
You barely miss the iguana. The iguana closely misses you.
You scratch the iguana.
The iguana is moderately wounded.
The iguana bites you!
Ouch! That really hurt!
* * * LOW HITPOINT WARNING * * *
You are too injured to fight recklessly!
Unknown command.
A black bear comes into view.
The ufetubus barely misses you. The ufetubus closely misses you.
The ufetubus barely misses you. The ufetubus hits you.
You die...

..... ##... .#
#... .##
h..######..##..###
................ #
....#?.........
.####.#l.........
...#..5.........
##.##h..#...##..
#.....#..#...# .
#.....##...#.#
#.....# #..#.#
#.#.### #....
###.).# #...
#....## ###
##...##
######...###


You could see an iguana and an ufetubus.

Vanquished Creatures
  Robin (D:3)
  2 adders (D:2)
  A worm (D:2)
  4 dart slugs
  2 endoplasms
  18 goblins
  4 hobgoblins (D:3)
  3 kobolds
  2 quokkas (D:1)
  5 ball pythons
  4 bats
  3 rats
49 creatures vanquished.

Notes
Turn   | Place    | Note
-------+----------+-------------------------------------------
     0 | D:1      | Ajdolov the Felid Shapeshifter began the quest for the Orb.
     0 | D:1      | Reached XP level 1. HP: 9/9 MP: 2/2
   141 | D:1      | Reached XP level 2. HP: 12/12 MP: 3/3
   361 | D:1      | Found Afedden's Assorted Antiques.
   599 | D:1      | Reached skill level 4 in Shapeshifting
   599 | D:1      | Reached XP level 3. HP: 16/16 MP: 4/4
   599 | D:1      | Found Heet's General Store.
  1754 | D:3      | Noticed Sigmund
  1839 | D:2      | Reached skill level 1 in Stealth
  2099 | D:3      | Noticed Robin
  2294 | D:3      | Reached XP level 4. HP: 19/19 MP: 5/5
  2667 | D:3      | Killed Robin
  2822 | D:3      | Slain by Sigmund
  2823 | D:3      | Reached XP level 3. HP: -1/16 MP: 4/4
  2985 | D:4      | Noticed a black bear
  2986 | D:4      | Slain by an ufetubus

Illustrated notes

Levels and vault maps discovered:
D:1:      dpeg_arrival_windows_large_door, layout_loops_ring, serial_shops,
          shop, nicolae_shop_trees, minmay_3d_cube
D:2:      layout_basic, serial_park_tiny_pond
D:3:      layout_rooms, uniq_sigmund, uniq_robin
D:4:      layout_rooms, led_sif_book, chequers_hall_statues_corner_a,
          dreamdust_princess_corridor

Skill      XL: |  1  2  3  4 |
---------------+-------------+-----
Shapeshifting  | 4 |  4.4
Fighting       | 2 |  2.0
Stealth        | 1 2 |  2.3
Dodging        | |  2.6
Unarmed Combat | |  3.0

Action                     |  1- 3 |  4- 6 || total
---------------------------+-------+-------++-------
  Melee: Unarmed           |    84 |    28 ||   112
         Bite              |     3 |     1 ||     4
         Punch             |       |     1 ||     1
    Use: Potion            |     2 |       ||     2
         Scroll            |       |     1 ||     1
   Stab: Sleeping          |     5 |     1 ||     6
 Armour: Skin              |     1 |       ||     1
  Dodge: Dodged            |    48 |    20 ||    68

Table legend: (Time is in decaauts)
 A = Elapsed time spent in this place.
 B = Non-inter-level travel time spent in this place.
 C = Inter-level travel time spent in this place.
 D = Time resting spent in this place.
 E = Time spent auto-exploring this place.
 F = Levels seen in this place.
 G = Mean time per level.
                   A        B        C        D        E       F      G
               +--------+--------+--------+--------+--------+-----+--------+
         Total |   2515 |   2284 |    231 |    256 |   1511 |   4 |  628.8 |
       Dungeon |   2515 |   2284 |    231 |    256 |   1511 |   4 |  628.8 |
               +--------+--------+--------+--------+--------+-----+--------+

Top non-repeatable levels by time:
     D:2: 1060 daAuts
     D:3: 728 daAuts
     D:1: 699 daAuts
     D:4: 27 daAuts
